 Dungeon Crawl Stone Soup version 0.18-a0-900-gbbf5c82 (webtiles) character file.

163 dvd the Chiller (level 5, -3/31 HPs)
             Began as an Octopode Ice Elementalist on Dec 24, 2015.
             Slain by a gnoll
             ... wielding a +0 spear
              (8 damage)
             ... on level 3 of the Dungeon.
             The game lasted 00:11:11 (2649 turns).

dvd the Chiller (Octopode Ice Elementalist)         Turns: 2649, Time: 00:11:11

Health: -3/31      AC:  1    Str:  8    XL:     5   Next: 44%
Magic:  1/18       EV:  6    Int: 18    God:
Gold:   157        SH:  0    Dex: 12    Spells: 3 memorised, 3 levels left

rFire  . . .     SeeInvis .     b - +1 hunting sling (flame)
rCold  . . .     Gourm    .     q - +0 buckler
rNeg   . . .     Faith    .     (helmet restricted)
rPois  .         Spirit   .     y - amulet of rage
rElec  .         Dismiss  .     l - ring of invisibility
rCorr  .         Reflect  .     x - ring of magical power
SustAt .         Harm     .     (no ring)
MR     .....                    (no ring)
Stlth  +++.......               (no ring)
                                (no ring)
                                (no ring)
                                (no ring)

@: very slightly contaminated, held, not resistant to hostile enchantments,
fairly stealthy
A: almost no armour, amphibious, 8 rings, constrict 8, camouflage 1, gelatinous
body 1
a: Evoke Berserk Rage, Evoke Invisibility


You were on level 3 of the Dungeon.
You were hungry.

You visited 1 branch of the dungeon, and saw 3 of its levels.

You collected 157 gold pieces.

Inventory:

Hand Weapons
 a - a +2 dagger of speed
 b - a +1 hunting sling of flaming (weapon)
 m - a +0 dagger
 t - a +0 quarterstaff
 v - a +0 flail
Missiles
 d - 102 stones
 o - 40 sling bullets (quivered)
 D - 2 tomahawks
 E - a sling bullet of flame
Armour
 q - a +0 buckler (worn)
Jewellery
 l - a ring of invisibility (left tentacle)
 x - a ring of magical power (right tentacle)
 y - an amulet of rage (around mantle)
Scrolls
 e - 3 scrolls of identify {unknown}
 f - 2 scrolls of fear {unknown}
 h - a scroll of remove curse {unknown}
 i - a scroll of enchant armour {unknown}
 j - a scroll of recharging {unknown}
 n - a scroll of noise {unknown}
 s - 2 scrolls of teleportation {unknown}
 F - a scroll of amnesia {unknown}
Potions
 g - a potion of brilliance {unknown}
 k - 7 potions of curing {unknown}
 w - a potion of agility {unknown}
 A - a potion of ambrosia {unknown}
 B - a potion of invisibility {unknown}
 C - a potion of berserk rage {unknown}
 G - 2 potions of resistance {unknown}
Books
 r - a book of Frost

   Spells                             Type                      Level
   a - Freeze                         Ice                          1
   b - Throw Frost                    Conjuration/Ice              2
   c - Ozocubu's Armour               Charms/Ice                   3
   d - Throw Icicle                   Conjuration/Ice              4
   e - Summon Ice Beast               Ice/Summoning                4
   f - Condensation Shield            Ice                          4
Comestibles
 c - 3 bread rations
 p - a beef jerky
 u - a meat ration
 z - 7 chunks of flesh


   Skills:
 + Level 0.2 Fighting
 + Level 1.8 Slings
 + Level 2.5 Dodging
 + Level 2.8 Stealth
 + Level 2.6 Spellcasting
 + Level 1.7 Conjurations
 + Level 1.0 Charms
 + Level 4.3 Ice Magic


You had 3 spell levels left.
You knew the following spells:

 Your Spells              Type           Power        Failure   Level  Hunger
a - Freeze                Ice            ###.         8%          1    #......
b - Throw Frost           Conj/Ice       ##....       14%         2    ##.....
c - Ozocubu's Armour      Chrm/Ice       ##......     34%         3    ###....


Dungeon Overview and Level Annotations

Branches:
Dungeon (3/15)

Altars:
Dithmenos
Fedhas
Nemelex Xobeh
Sif Muna


Innate Abilities, Weirdness & Mutations

You cannot wear most types of armour.
You are amphibious.
You can wear up to eight rings at the same time.
You can use your tentacles to constrict eight enemies at once.
Your skin changes colour to match your surroundings (Stealth).
Your rubbery body absorbs attacks (AC +1).


Message History

Casting: Freeze
Confirm with . or Enter, or press ? or * to list all spells.
Aiming: Freeze
Press: ? - help, Shift-Dir - straight line, f/p - gnoll
Aim: a gnoll, wielding a club (moderately wounded)
You freeze the gnoll.
The gnoll is heavily wounded.
The gnoll barely misses you.
The gnoll hits you from afar with a spear.
Casting: Freeze
Confirm with . or Enter, or press ? or * to list all spells.
Aiming: Freeze
Press: ? - help, Shift-Dir - straight line, f/p - gnoll
Aim: a gnoll, wielding a club (heavily wounded)
You freeze the gnoll.
The gnoll is almost dead.
The gnoll hits you with a club!
* * * LOW HITPOINT WARNING * * *
The gnoll hits you from afar with a spear!
You die...

#............##
...#............#
...#.......)....#
...##...........#
..#...>..#>.....#
........###)#.#.##
......_.###)#.#..#
..............##.#
._..⌠.....#.####@##
..........#..# #g.#
#....._...##..##g.#
........### #......
......#######....)..
...[.............)...
..#........###..<.....
..#..).......##..#.####
.....###..... #(( ..


You could see 2 gnolls.

Vanquished Creatures
  2 orc wizards (D:3)
  2 gnolls (D:3)
  3 adders
  An ooze (D:2)
  4 worms
  3 orcs (D:3)
  A ball python (D:1)
  4 bats (D:1)
  3 giant cockroaches
  3 hobgoblins
  3 giant geckos
  4 giant newts
  2 goblins
  4 kobolds
  2 quokkas (D:3)
  8 rats
49 creatures vanquished.

Notes
Turn   | Place    | Note
--------------------------------------------------------------
     0 | D:1      | dvd the Octopode Ice Elementalist began the quest for the Orb.
     0 | D:1      | Reached XP level 1. HP: 11/11 MP: 3/3
   265 | D:1      | Reached XP level 2. HP: 17/17 MP: 5/5
   269 | D:1      | Learned a level 2 spell: Throw Frost
   912 | D:2      | Found a blossoming altar of Fedhas.
  1212 | D:2      | Reached XP level 3. HP: 21/21 MP: 6/6
  2084 | D:3      | Reached skill level 4 in Ice Magic
  2089 | D:3      | Reached XP level 4. HP: 27/27 MP: 7/7
  2096 | D:3      | Learned a level 3 spell: Ozocubu's Armour
  2226 | D:3      | Reached skill level 1 in Slings
  2424 | D:3      | Found a deep blue altar of Sif Muna.
  2427 | D:3      | Found a sparkling altar of Nemelex Xobeh.
  2427 | D:3      | Found a shadowy altar of Dithmenos.
  2567 | D:3      | Reached XP level 5. HP: 14/31 MP: 7/8
  2636 | D:3      | Reached skill level 1 in Charms
  2649 | D:3      | Slain by a gnoll

Vault maps used:
D:1:      dpeg_arrival_signposts
D:2:      fedhas_altar_4, serial_bayou_pond_e
D:3:      kennysheep_ying_yang, grunt_temple_overflow_open,
          gammafunk_pakellas_cloud_experiment, dk_vineyard_2

Action                   |  1- 3 |  4- 6 || total
-------------------------+-------+-------++-------
Melee: Dagger            |     4 |     1 ||     5
 Fire: Hunting sling     |    32 |    25 ||    57
Throw: Stone             |     2 |       ||     2
 Cast: Freeze            |     7 |    14 ||    21
       Throw Frost       |     8 |    15 ||    23
       Ozocubu's Armour  |       |     2 ||     2
 Stab: Sleeping          |     2 |       ||     2
  Eat: Chunk             |     4 |     3 ||     7
